Map: Proxima Station LE

Players

HeroMarine - Winner!

  • Race: Terran Terran
  • Spawn Location: 1:00

Dayshi

  • Race: Terran Terran
  • Spawn Location: 7:00

Event: IEM XI Katowice - World Championship 2017

VOD

Have the link to the VOD?

Description

Time

  • Played on: Feb. 27, 2017, 9:16 a.m.
  • Length: 5:37

All games in this series

Show
View Real Time Build Order
Export as new Build Order

HeroMarine Terran - Winner!

Build Orders: Cyclone Opening, Reaper Expand 

Get SALT Encoding   

  12  0:00  SCV  
  13  0:13  SCV  
  14  0:18  Supply Depot  
  14  0:25  SCV  
  14  0:27  Refinery  
  15  0:39  SCV  
  16  0:44  Barracks  
  16  0:51  SCV  
  17  1:03  SCV  
  18  1:16  SCV  
  19  1:31  Reaper  
  19  1:32  Orbital Command  
  20  1:44  Command Center  
  20  1:54  Factory  
  20  1:58  SCV  
  21  2:04  Refinery  
  21  2:06  Barracks Reactor  
  21  2:09  Marine  
  22  2:16  Bunker  
  22  2:17  SCV  
  23  2:30  Supply Depot  
  23  2:44  Marine  
  23  2:52  Cyclone  
  23  2:56  Orbital Command  
  26  2:58  Starport  
  26  3:01  SCV  
  26  3:02  Marine  
  28  3:13  SCV  
  29  3:20  Marine  
  29  3:24  Cyclone  
  33  3:27  SCV  
  33  3:28  SCV  
  33  3:32  Liberator  
  35  3:38  Marine  
  35  3:41  SCV x2  
  38  3:53  SCV x2  
  38  3:54  Supply Depot  
  43  4:05  SCV x2  
  43  4:09  Barracks Reactor  
  45  4:12  Supply Depot  
  45  4:16  Cyclone  
  48  4:17  SCV x2  
  50  4:26  Supply Depot  
  50  4:29  SCV x2  
  50  4:30  Liberator  
  52  4:41  SCV x2  
  52  4:45  Bunker  
  56  4:53  Marine x2, SCV x2  
  56  4:59  Supply Depot  
  60  5:05  SCV x2  
  64  5:16  Marine x2  
  64  5:17  SCV x2  
Show
View Real Time Build Order
Export as new Build Order

Dayshi Terran 

Build Orders:  

Get SALT Encoding   

  12  0:00  SCV  
  13  0:12  SCV  
  14  0:18  Supply Depot  
  14  0:26  SCV  
  15  0:37  Refinery  
  15  0:44  Barracks  
  15  0:48  SCV  
  16  1:03  SCV  
  17  1:08  Barracks  
  17  1:17  SCV  
  18  1:25  Refinery  
  18  1:30  Reaper  
  19  1:37  Barracks  
  19  1:49  Orbital Command  
  19  1:55  Reaper  
  20  2:02  Reaper  
  21  2:10  Supply Depot  
  21  2:15  SCV  
  22  2:23  Reaper  
  23  2:32  Reaper  
  23  2:33  SCV  
  23  2:35  Reaper  
  26  2:53  SCV  
  26  2:58  Reaper  
  28  2:59  Supply Depot, Factory  
  28  3:04  Reaper  
  28  3:05  SCV  
  30  3:09  Reaper  
  31  3:21  SCV  
  30  3:31  Reaper  
  31  3:35  SCV  
  32  3:43  Supply Depot  
  32  3:44  Starport  
  32  3:46  Reaper  
  32  3:48  Hellion  
  35  3:54  Reaper  
  36  3:56  SCV  
  37  4:10  SCV  
  38  4:18  Hellion  
  38  4:21  Medivac  
  38  4:22  Supply Depot, Reaper  
  43  4:30  Supply Depot  
  43  4:39  Hellion  
  43  4:45  Reaper x2  
  47  4:51  SCV  
  48  5:03  Viking  
  45  5:14  Command Center  
  36  5:22  SCV  

Tags
 
Add a new tag
Caveats
  • Supply blocks, unpowered buildings, or Contaminate may cause inaccurate times.
  • Supply counts are checked every 10 seconds.